 Dungeon Crawl Stone Soup version 0.28-a0-664-gc179e30c89 (webtiles) character file.

Game seed: 10401982958584806235

97034 KristoblXynda the Swashbuckler (level 16, -3/103 HPs)
             Began as a Kobold Gladiator on Oct 16, 2021.
             Was the Champion of Dithmenos.
             Slain by dricus's ghost (13 damage)
             ... on level 6 of the Lair of Beasts.
             The game lasted 00:40:17 (26559 turns).

KristoblXynda the Swashbuckler (Kobold Gladiator)  Turns: 26559, Time: 00:40:17

Health: -3/103     AC: 13    Str: 27    XL:     16   Next: 68%
Magic:  32/32      EV: 29    Int: 11    God:    Dithmenos [******]
Gold:   583        SH:  0    Dex: 17    Spells: 15/15 levels left

rFire   + . .      SeeInvis .   D - +10 quick blade of Putrescence {flame, rCorr MP+9 Str+4}
rCold   . . .      Faith    .   (shield restricted)
rNeg    + . .      Spirit   .   E - +0 leather armour "Poweecun" {rF+ Will+}
rPois   +          Reflect  .   c - +1 helmet
rElec   .          Harm     .   L - +2 cloak {rPois}
rCorr   +          Rampage  .   F - +0 pair of gloves of the Echidna {rF- Str+5}
Will    ++...                   a - +1 pair of boots Stlth ****++++++
                                T - amulet of regeneration
HPRegen 1.27/turn               P - +4 ring of evasion
MPRegen 0.23/turn               p - ring of Brawling {rF+ rN+ rCorr}

@: lethally poisoned (-3 -> -4), wreathed by umbra, studying Armour
A: small, no large weapons, nightstalker 3, talons 1, mutation resistance 1,
strong 1
a: Renounce Religion, Shadow Step, Shadow Form


You were on level 6 of the Lair of Beasts.
You worshipped Dithmenos.
Dithmenos was exalted by your worship.
You visited 3 branches of the dungeon, and saw 22 of its levels.
You also visited: Bailey.

You collected 1487 gold pieces.
You spent 904 gold pieces at shops.

Inventory:

Hand Weapons
 y - the +12 glaive of Prune {vorpal}
   (You took it off a necromancer on level 6 of the Lair of Beasts)

   It inflicts extra damage upon your enemies.
 B - the +4 rapier of Gisynk {speed, rCorr}
   (You found it on level 7 of the Dungeon)

   Attacks with this weapon are significantly faster.
   rCorr:     It protects you from acid and corrosion.
 D - the +10 quick blade of Putrescence (weapon) {flame, rCorr MP+9 Str+4}
   (You acquired it on level 6 of the Lair of Beasts)

   It burns those it strikes, dealing additional fire damage.
   Str:       It affects your strength (+4).
   MP:        It affects your magic capacity (+9).
   rCorr:     It protects you from acid and corrosion.
Missiles
 d - 2 throwing nets (quivered)
Armour
 a - a +1 pair of boots (worn)
 c - a +1 helmet (worn)
 E - the +0 leather armour "Poweecun" (worn) {rF+ Will+}
   (You found it on level 7 of the Dungeon)

   rF:        It protects you from fire.
   Will:      It increases your willpower.
 F - the +0 pair of gloves of the Echidna (worn) {rF- Str+5}
   (You found it on level 7 of the Dungeon)

   Str:       It affects your strength (+5).
   rF:        It makes you vulnerable to fire.
 L - a +2 cloak of poison resistance (worn)
Jewellery
 p - the ring of Brawling (right hand) {rF+ rN+ rCorr}
   (You found it in a bailey)

   [ring of resist corrosion]

   rF:        It protects you from fire.
   rN:        It protects you from negative energy.
   rCorr:     It protects you from acid and corrosion.
 P - a +4 ring of evasion (left hand)
 T - an amulet of regeneration (around neck)
Wands
 b - a wand of paralysis (10)
 j - a wand of iceblast (45)
 q - a wand of charming (11)
 z - a wand of digging (4)
 O - a wand of acid (5)
Scrolls
 g - a scroll of immolation
 k - 2 scrolls of summoning
 l - 10 scrolls of teleportation
 n - 4 scrolls of identify
 o - 5 scrolls of amnesia
 x - 2 scrolls of fear
 C - a scroll of blinking
 S - a scroll of enchant armour
Potions
 f - 2 potions of might
 h - 4 potions of curing
 i - a potion of magic
 r - a potion of haste
 s - 3 potions of brilliance
 t - 2 potions of attraction
 v - 3 potions of flight
 w - a potion of cancellation
 I - a potion of resistance
 K - 3 potions of mutation
Miscellaneous
 m - a phantom mirror
 u - a tin of tremorstones (2/2)
 G - a box of beasts
 Q - a phial of floods


   Skills:
 + Level 12.5 Fighting
 + Level 17.8 Short Blades
 - Level 2.1 Throwing
 - Level 7.1 Armour
 + Level 16.4 Dodging
 + Level 15.8 Stealth
 + Level 9.4 Invocations
 - Level 10.0 Evocations


You had 15 spell levels left.
You didn't know any spells.
Your spell library contained the following spells:

 Spells                   Type           Power      Damage    Failure   Level
 Apportation              Tloc           0%         N/A       36%         1
 Foxfire                  Conj/Fire      0%         2x1d4     36%         1
 Ensorcelled Hibernation  Hex/Ice        0%         N/A       52%         2
 Passwall                 Tmut/Erth      0%         N/A       52%         2
 Slow                     Hex            0%         N/A       52%         2
 Sublimation of Blood     Necr           0%         N/A       52%         2
 Confusing Touch          Hex            0%         N/A       75%         3
 Conjure Flame            Conj/Fire      0%         6-21      75%         3
 Gell's Gravitas          Tloc           0%         N/A       75%         3
 Inner Flame              Hex/Fire       0%         N/A       75%         3
 Lesser Beckoning         Tloc           0%         N/A       75%         3
 Swiftness                Air            0%         N/A       75%         3
 Teleport Other           Tloc           0%         N/A       75%         3
 Tukima's Dance           Hex            0%         N/A       75%         3
 Vampiric Draining        Necr           0%         2d6       75%         3
 Cause Fear               Hex            0%         N/A       98%         4
 Flame Wave               Conj/Fire      0%         3d3       98%         4
 Passage of Golubria      Tloc           N/A        N/A       98%         4
 Petrify                  Tmut/Erth      0%         N/A       98%         4
 Alistair's Intoxication  Tmut/Pois      0%         N/A       100%        5
 Fireball                 Conj/Fire      0%         3d3       100%        5
 Irradiate                Conj/Tmut      0%         3d14      100%        5
 Iskenderun's Battlesphe  Conj           0%         2d6       100%        5
 Metabolic Englaciation   Hex/Ice        0%         N/A       100%        5
 Yara's Violent Unravell  Hex/Tmut       0%         3d3       100%        5
 Conjure Ball Lightning   Conj/Air       0%         3x3d6     100%        6
 Invisibility             Hex            0%         N/A       100%        6
 Starburst                Conj/Fire      0%         6d3       100%        6
 Statue Form              Tmut/Erth      0%         N/A       100%        6
 Orb of Destruction       Conj           0%         N/A       100%        7
 Discord                  Hex            0%         N/A       100%        8
 Ignition                 Fire           0%         3d3       100%        8


Dungeon Overview and Level Annotations

Branches:
Dungeon (15/15)            Temple (1/1) D:5            Lair (6/6) D:9
  Swamp (0/4) Lair:2       Spider (0/4) Lair:2        Slime (0/5) Lair:5
    Orc (0/2) D:9          Vaults (0/5) D:14         Depths (0/4) D:15
 Bailey (visited)

Altars:
Ashenzari
Cheibriados
Dithmenos
Elyvilon
Fedhas
Gozag
Hepliaklqana
Kikubaaqudgha
Makhleb
Nemelex Xobeh
Okawaru
Qazlal
Ru
Sif Muna
Trog
Uskayaw
Vehumet
Wu Jian
Xom
Yredelemnul
Zin
The Shining One
Beogh
Jiyva

Shops:
D:5 [   D:10 !   D:12 ::(   D:14 =

Annotations:
D:6 2 transporters, Heedrag's ghost, novice MiFi
Lair:5 2 transporters, Rimo's ghost, journeyman OpFE
Lair:6 dricus's ghost, journeyman GnWn


Innate Abilities, Weirdness & Mutations

You are small and have problems with some larger weapons.
You are completely attuned to the shadows.
You have sharp toenails.
You are somewhat resistant to further mutation.
Your muscles are strong. (Str +2)


Message History

Dricus's ghost is heavily damaged.
Dricus's ghost hits you but does no damage.
You are poisoned.
You miss dricus's ghost.
Dricus's ghost is heavily damaged.
You feel sick.
You completely miss dricus's ghost.
Dricus's ghost is heavily damaged.
You miss dricus's ghost.
Dricus's ghost is heavily damaged.
Your shadow barely misses dricus's ghost.
You feel sick.
Dricus's ghost waves its arms in wide circles.
The air twists around and strikes you!
* * * LOW HITPOINT WARNING * * *
You miss dricus's ghost.
Dricus's ghost is heavily damaged.
Your shadow hits dricus's ghost with a quick blade.
Aiming: Corrosive Bolt
Press: ? - help, Shift-Dir - straight line, f - dricus's ghost
Aim: dricus's ghost, wielding a weapon of venom (black smoke, heavily damaged, umbra, 46% to hit)
The bolt of acid hits dricus's ghost.
Dricus's ghost is heavily damaged.
You feel sick.
Dricus's ghost whispers, "Everlasting silence awaits you..."
Dricus's ghost completely misses you.
Unknown command.
Aiming: Corrosive Bolt
Press: ? - help, Shift-Dir - straight line, f/p - dricus's ghost
Aim: dricus's ghost, wielding a weapon of venom (black smoke, heavily damaged, umbra, 46% to hit)
The bolt of acid hits dricus's ghost!
Dricus's ghost is severely damaged.
You feel sick. Dricus's ghost barely misses you.
Aiming: Corrosive Bolt
Press: ? - help, Shift-Dir - straight line, f/p - dricus's ghost
Aim: dricus's ghost, wielding a weapon of venom (black smoke, severely damaged, umbra, 46% to hit)
The bolt of acid hits dricus's ghost but does no damage.
Dricus's ghost is severely damaged.
You feel sick. Dricus's ghost hits you!
You die...

................................#
.###........#.#.#.........P......
## #####....####...............P.
# .... ###.............≈≈≈≈≈....#
#...... .##...#...§...≈≈≈≈≈≈≈≈...
k.###....##.....§..P.≈≈≈≈≈≈≈≈...
... ..§.#..§§...§.≈≈≈≈≈≈≈≈≈≈.#
#... ..§.#.§#W#§§.#.≈≈≈≈≈≈≈≈≈..
#Z.. #.§§§§§§§@§§....≈..≈≈≈≈≈..
#... #.§§§..##§§§..P.≈.<.≈≈≈≈..
#.#. #.§§§...#§.§.........≈...P
.# #.§§#§....§§.............. #
....#.....................
..###....##................!....
#.....Z.###......................
###...###......(................#
..#####....####....##.....##P...#


You could see dricus's ghost.

Vanquished Creatures
  A yaktaur captain (D:14)
  Harold (D:7)
  2 rakshasas
  6 hydras
  3 boulder beetles
  2 catoblepae
  Erica (D:9)
  2 ogre magi
  2 death knights
  7 centaur warriors
  10 two-headed ogres
  10 death yaks
  A spectral dire elephant (Lair:6)
  2 tengu warriors
  A spectral death yak (Lair:6)
  7 skeletal warriors (D:15)
  A bog body (Lair:2)
  3 necromancers
  A phantasmal warrior (D:15)
  A shadow dragon zombie (D:15)
  Pikel (D:8)
  4 deep elf pyromancers
  An orc knight (Bailey)
  A tengu skeleton (D:15)
  5 manticores
  8 ugly things (D:14)
  A wolf spider (Lair:2)
  3 cyclopes
  A frost giant zombie (D:15)
  13 elephants (Lair:6)
  5 black mambas
  3 gargoyles
  2 torpor snails (Lair:6)
  2 rime drakes
  10 cane toads
  2 yaktaurs (D:14)
  A kobold demonologist (D:13)
  7 komodo dragons
  2 tengu conjurers (D:15)
  3 polar bears
  A jumping spider (Lair:2)
  5 trolls
  A queen bee (D:8)
  4 slime creatures
  A hornet (D:7)
  A spectral elephant (Lair:6)
  11 dream sheep
  18 blink frogs
  A meliai zombie (D:11)
  Prince Ribbit (D:8)
  2 water elementals
  7 wyverns
  72 yaks
  A vampire (D:14)
  A shadow (D:11)
  3 fire elementals (D:13)
  A basilisk (shapeshifter) (D:11)
  5 basilisks
  A steam dragon (D:8)
  12 vampire mosquitoes
  A death yak simulacrum (Lair:6)
  3 acid dragons
  A tengu zombie (D:15)
  A spectral cane toad (Lair:6)
  16 water moccasins
  3 hell hounds (D:13)
  Duvessa (D:7)
  16 orc warriors
  6 ogres
  A sky beast (shapeshifter) (D:12)
  An elephant zombie (Lair:6)
  A black bear (D:6)
  3 necrophages
  6 wolves (Lair:1)
  17 centaurs
  An elephant skeleton (Lair:6)
  2 phantoms
  9 bullfrogs
  A kobold brigand (D:8)
  Blork the orc (D:5)
  3 scorpions
  A water moccasin zombie (D:7)
  A water moccasin skeleton (D:7)
  Dowan (D:7)
  2 elephant simulacra (Lair:6)
  17 killer bees
  4 wights
  A vampire bat (D:3)
  An electric eel (D:15)
  3 centaur zombies (D:10)
  A komodo dragon simulacrum (Lair:6)
  A hound (D:5)
  A jelly (D:6)
  9 orc priests
  A gnoll shaman (D:5)
  Crazy Yiuf (D:7)
  2 bullfrog skeletons
  3 iguanas
  A centaur skeleton (D:5)
  10 orc wizards
  8 hell rats (Lair:2)
  A killer bee zombie (D:4)
  A hound zombie (D:5)
  A hound skeleton (D:4)
  2 howler monkey zombies
  5 adders
  8 gnolls
  10 river rats (Lair:2)
  4 white imps (D:7)
  An ufetubus (D:7)
  4 worms
  4 dart slugs
  45 orcs
  7 endoplasms
  6 giant cockroaches
  11 goblins
  12 hobgoblins
  3 jackals (D:1)
  10 kobolds
  13 quokkas
  7 ball pythons
  12 bats
  5 frilled lizards
  18 rats
641 creatures vanquished.

Vanquished Creatures (collateral kills)
  Azrael (D:13)
  A hydra (Lair:2)
  A bog body (Lair:2)
  2 fire elementals (D:13)
5 creatures vanquished.

Vanquished Creatures (others)
  An unseen horror (D:11)
  3 bushes
  22 fungi
  83 plants
  21 withered plants (Lair:6)
130 creatures vanquished.

Grand Total: 776 creatures vanquished

Notes
Turn   | Place    | Note
-------+----------+-------------------------------------------
     0 | D:1      | KristoblXynda the Kobold Gladiator began the quest for the
                  | Orb.
     0 | D:1      | Reached XP level 1. HP: 12/12 MP: 1/1
   242 | D:1      | Reached XP level 2. HP: 18/18 MP: 2/2
   259 | D:1      | Reached skill level 1 in Stealth
   501 | D:1      | Reached XP level 3. HP: 22/22 MP: 3/3
   846 | D:1      | Found a faded altar of an unknown god.
  1434 | D:2      | Reached XP level 4. HP: 15/27 MP: 4/4
  2639 | D:3      | Reached XP level 5. HP: 28/32 MP: 5/5
  3051 | D:3      | Reached skill level 5 in Short Blades
  3195 | D:4      | Noticed an ogre
  3220 | D:4      | Killed an ogre
  3221 | D:4      | Reached skill level 5 in Dodging
  3221 | D:4      | Reached XP level 6. HP: 7/38 MP: 6/6
  3362 | D:4      | Reached XP level 7. HP: 10/43 MP: 7/7
  3420 | D:4      | Reached skill level 6 in Short Blades
  3871 | D:4      | Reached skill level 5 in Stealth
  4601 | D:4      | Identified the +2 war axe of the Scroll {freeze, rF+ rCorr
                  | Dex+3}
  4783 | D:4      | Reached XP level 8. HP: 6/48 MP: 8/8
  5316 | D:5      | Entered Level 5 of the Dungeon
  5324 | D:5      | Noticed Blork the orc
  5328 | D:5      | Killed Blork the orc
  5329 | D:5      | Reached skill level 5 in Fighting
  5340 | D:5      | Noticed a yak
  5340 | D:5      | Noticed a yak
  5340 | D:5      | Noticed a yak
  5340 | D:5      | Noticed a yak
  5340 | D:5      | Noticed a yak
  5341 | D:5      | Killed a yak
  5342 | D:5      | Reached skill level 7 in Short Blades
  5342 | D:5      | Reached skill level 1 in Evocations
  5383 | D:5      | Found a staircase to the Ecumenical Temple.
  5423 | D:4      | Killed a yak
  5632 | Temple   | Entered the Ecumenical Temple
  5830 | Temple   | Became a worshipper of Dithmenos the Shadowed
  6004 | D:5      | Killed a yak
  6043 | D:4      | Killed a yak
  6044 | D:4      | Reached XP level 9. HP: 12/55 MP: 9/9
  6608 | D:5      | Reached skill level 8 in Short Blades
  6993 | D:5      | Found a glowing silver altar of Zin.
  7079 | D:5      | Found Turhiucs's Armour Boutique.
  7396 | D:6      | Reached * piety under Dithmenos
  7705 | D:6      | Found a transporter.
  7708 | D:6      | Noticed Heedrag's ghost (novice MiFi)
  7709 | D:6      | Found a transporter.
  7800 | D:6      | Identified the +8 great mace of Peace {pain, Str+4 Int+4}
  8333 | D:6      | Noticed a troll
  8337 | D:6      | Killed a troll
  8338 | D:6      | Reached skill level 5 in Evocations
  8758 | D:5      | Bought a +2 pair of gloves of strength for 279 gold pieces
  8947 | D:7      | Noticed Harold
  8959 | D:7      | Killed Harold
  8960 | D:7      | Reached skill level 9 in Short Blades
  8960 | D:7      | Reached XP level 10. HP: 60/60 MP: 10/10
  9262 | D:7      | Reached skill level 10 in Short Blades
  9330 | D:7      | Noticed a two-headed ogre
  9331 | D:7      | Killed a two-headed ogre
  9332 | D:7      | Reached skill level 10 in Stealth
  9345 | D:7      | Identified the +4 rapier of Gisynk {speed, rCorr}
  9345 | D:7      | Noticed a gargoyle
  9348 | D:7      | Killed a gargoyle
  9357 | D:7      | Noticed a boulder beetle
  9363 | D:7      | Killed a boulder beetle
  9368 | D:7      | Identified the +0 leather armour "Poweecun" {rF+ Will+}
  9370 | D:7      | Identified the +0 pair of gloves of the Echidna {rF- Str+5}
  9420 | D:7      | Reached XP level 11. HP: 64/64 MP: 11/11
  9431 | D:7      | Reached ** piety under Dithmenos
  9464 | D:7      | Reached skill level 10 in Dodging
  9622 | D:7      | Reached skill level 11 in Short Blades
  9765 | D:7      | Noticed Dowan
  9767 | D:7      | Noticed Duvessa
  9768 | D:7      | Killed Dowan
  9786 | D:7      | Killed Duvessa
  9831 | D:7      | Found a runed translucent door.
  9834 | D:7      | Noticed Crazy Yiuf
  9839 | D:7      | Killed Crazy Yiuf
 10568 | D:8      | Noticed Pikel
 10587 | D:8      | Killed Pikel
 10790 | D:8      | You fall into a shaft and drop 3 floors!
 10892 | D:11     | Noticed a manticore
 10912 | D:11     | Killed a manticore
 10924 | D:11     | Reached skill level 12 in Short Blades
 10994 | D:11     | Noticed a two-headed ogre
 11001 | D:11     | Killed a two-headed ogre
 11011 | D:11     | Noticed a manticore
 11019 | D:11     | Noticed a two-headed ogre
 11024 | D:11     | Noticed a two-headed ogre
 11031 | D:11     | Killed a manticore
 11032 | D:11     | Reached skill level 1 in Armour
 11035 | D:11     | Killed a two-headed ogre
 11036 | D:11     | Reached XP level 12. HP: 36/72 MP: 12/12
 11044 | D:11     | Killed a two-headed ogre
 11044 | D:11     | Reached *** piety under Dithmenos
 11448 | D:11     | Noticed a two-headed ogre
 11452 | D:11     | Killed a two-headed ogre
 11799 | D:10     | Entered Level 10 of the Dungeon
 11838 | D:10     | Noticed a two-headed ogre
 11858 | D:10     | Killed a two-headed ogre
 11930 | D:10     | Found a flagged portal.
 11946 | Bailey   | Entered a bailey
 12172 | Bailey   | Identified the ring of Brawling {rF+ rN+ rCorr}
 12257 | D:10     | Noticed a two-headed ogre
 12261 | D:10     | Killed a two-headed ogre
 12262 | D:10     | Reached skill level 13 in Short Blades
 12340 | D:10     | Found Tioka's Distillery.
 12341 | D:10     | Noticed a boulder beetle
 12371 | D:10     | Killed a boulder beetle
 12390 | D:10     | Bought 2 potions of heal wounds for 130 gold pieces
 12919 | D:9      | Noticed Erica
 12923 | D:9      | Killed Erica
 12982 | D:9      | Found a staircase to the Lair.
 12982 | D:9      | Noticed a two-headed ogre
 13008 | D:9      | Reached **** piety under Dithmenos
 13009 | D:9      | Reached XP level 13. HP: 80/80 MP: 13/13
 13306 | D:9      | Found a staircase to the Orcish Mines.
 13410 | D:9      | Found a white marble altar of Elyvilon.
 13411 | D:9      | Found an ancient bone altar of Kikubaaqudgha.
 13411 | D:9      | Found a sacrificial altar of Ru.
 13412 | D:9      | Found a stormy altar of Qazlal.
 13877 | D:8      | Noticed Prince Ribbit
 13881 | D:8      | Killed Prince Ribbit
 14204 | D:12     | Noticed a rakshasa
 14208 | D:12     | Killed a rakshasa
 14314 | D:12     | Found Faewk's Book Shop.
 14316 | D:12     | Found Jorit's Book Shoppe.
 14318 | D:12     | Found Ynimuw's Weapon Shop.
 14540 | D:12     | Reached skill level 14 in Short Blades
 14799 | D:12     | Reached ***** piety under Dithmenos
 15142 | D:13     | Identified the +6 war axe "Wesyel" {drain, +Blink rF- rC+
                  | rN+++}
 15154 | D:13     | Noticed a centaur warrior
 15160 | D:13     | Killed a centaur warrior
 15161 | D:13     | Reached skill level 5 in Armour
 15382 | D:13     | Reached skill level 15 in Stealth
 15580 | D:13     | Noticed a catoblepas
 15584 | D:13     | Killed a catoblepas
 15585 | D:13     | Reached skill level 10 in Fighting
 15598 | D:13     | Noticed a centaur warrior
 15602 | D:13     | Killed a centaur warrior
 15603 | D:13     | Reached skill level 1 in Invocations
 15956 | D:13     | Noticed a rakshasa
 15957 | D:13     | Found a bloodstained altar of Trog.
 15958 | D:13     | Noticed an ogre mage
 16042 | D:13     | Gained mutation: You have sharp toenails. [potion of
                  | mutation]
 16042 | D:13     | Gained mutation: Your muscles are strong. (Str +2) [potion
                  | of mutation]
 16042 | D:13     | Gained mutation: You are somewhat resistant to further
                  | mutation. [potion of mutation]
 16252 | D:13     | Killed an ogre mage
 16441 | D:13     | Reached XP level 14. HP: 21/88 MP: 15/15
 16496 | D:13     | Noticed Azrael
 16508 | D:13     | Killed Azrael
 17015 | D:14     | Reached skill level 15 in Short Blades
 17058 | D:14     | Found Hedu's Jewellery Emporium.
 17339 | D:14     | Found a gate to the Vaults.
 17767 | D:15     | Entered Level 15 of the Dungeon
 17944 | D:15     | Reached skill level 5 in Invocations
 18190 | D:15     | Reached skill level 10 in Evocations
 18296 | D:15     | Found a staircase to the Depths.
 18467 | D:15     | Reached XP level 15. HP: 56/92 MP: 19/19
 18926 | D:15     | Identified the +1 ring mail of the End {Drain rPois Str+3}
 18954 | D:15     | Reached ****** piety under Dithmenos
 19044 | D:15     | Reached skill level 16 in Short Blades
 19945 | D:14     | Bought an amulet of regeneration for 330 gold pieces
 19945 | D:14     | Bought a ring of see invisible for 165 gold pieces
 20100 | Lair:1   | Entered Level 1 of the Lair of Beasts
 20294 | Lair:1   | Identified the +2 scale mail of the Dolphin {rN+}
 20383 | Lair:1   | Reached skill level 15 in Dodging
 21397 | Lair:2   | Found a staircase to the Swamp.
 22155 | Lair:2   | Found a hole to the Spider Nest.
 22829 | Lair:3   | Reached skill level 17 in Short Blades
 23034 | Lair:4   | Reached XP level 16. HP: 101/101 MP: 22/22
 24056 | Lair:5   | Found a transporter.
 24058 | Lair:5   | Noticed Rimo's ghost (journeyman OpFE)
 24116 | Lair:5   | Found a transporter.
 24322 | Lair:5   | Found a staircase to the Slime Pits.
 24322 | Lair:5   | Found a viscous altar of Jiyva.
 24651 | Lair:6   | Entered Level 6 of the Lair of Beasts
 25492 | Lair:6   | Found a snail-covered altar of Cheibriados.
 25540 | Lair:6   | Found a runed translucent gate.
 25553 | Lair:6   | Found a runed translucent gate.
 25553 | Lair:6   | Found a runed translucent gate.
 25881 | Lair:6   | Identified 2 scrolls of acquirement
 25881 | Lair:6   | Acquired the +10 quick blade of Putrescence {flame, rCorr
                  | MP+9 Str+4}
 25937 | Lair:6   | Acquired a manual of Armour
 26509 | Lair:6   | Noticed dricus's ghost (journeyman GnWn)
 26559 | Lair:6   | Slain by dricus's ghost

Illustrated notes

Levels and vault maps discovered:
D:1:      kennysheep_arrival_seaside, layout_loops_cross,
          basic_ecumenical_altar, kennysheep_flooded_box, st_stairs_13,
          chequers_arboretum, minmay_misc_feat_room
D:2:      layout_rooms, uniq_robin
D:3:      layout_loops_ring, grunt_ministairs_12, roderic_batcave,
          minmay_door_square
D:4:      layout_cave_pools, serial_bayou, serial_bayou_pond_c,
          serial_bayou_pond_c, serial_bayou_shore_b, serial_bayou_lagoon_a,
          minmay_box_of_dots
D:5:      layout_rooms, kennysheep_mini, temple_doors_e, serial_shops,
          nicolae_take_the_stairs, kennysheep_decorative_pillar,
          uniq_blork_the_orc
D:6:      layout_basic, gammafunk_ghost_smash
D:7:      minmay_the_grid_octo_2x2 [minmay_the_grid_octo_checkered,
          minmay_the_grid_octo_fan_narrow, minmay_the_grid_octo_tetromino_candy,
          minmay_the_grid_octo_prize_single_spiral], layout_rooms,
          kennysheep_cross_room, grunt_ministairs_5, feat_on_display,
          uniq_crazy_yiuf_cottage, uniq_duvessa, uniq_harold
D:8:      layout_loops_cross, grunt_ministairs_7, nicolae_looking_at_the_future,
          uniq_prince_ribbit1, uniq_pikel
D:9:      layout_cave_pools, chequers_temple_overflow_statue_of_worship,
          minmay_lair_entry_grove, david_orc_5, kennysheep_generic_room_12,
          uniq_erica
D:10:     layout_basic, enter_bailey_3, kennysheep_windowed_goal
D:11:     layout_loops_ring
D:12:     layout_roguey, nicolae_wooded_promenade, kennysheep_path_1
D:13:     layout_grid_maze, corner_web_ring, minmay_ruined_shrine, uniq_azrael
D:14:     layout_loops_ring, david_vaults_2, serial_shops, shop,
          serial_bayou_ford_a
D:15:     gammafunk_depths_entry_grave, layout_layer_cave, serial_park_fountain,
          serial_rivers, chequers_serial_rivers_small_3,
          chequers_serial_rivers_micro_d, chequers_serial_rivers_marsh,
          chequers_serial_rivers_micro_d, chequers_serial_rivers_micro_e
Temple:   minmay_crystal_spiral_temple
Lair:1:   layout_regular_city
Lair:2:   lemuel_ratsnest, layout_loops_ring, skrybe_swamp_entry_bodies,
          spider_nest_entry_funnel_web, fungi_pond_lemuel, serial_bayou_shore_b
Lair:3:   layout_cave_shapes
Lair:4:   layout_regular_city
Lair:5:   layout_loops_ring, slime_altar_1, gammafunk_ghost_arena
Lair:6:   due_jungle_book, layout_regular_city, gammafunk_ghost_icy,
          st_stairs_5, kennysheep_snail_temple, infiniplex_staircase_pool

Skill      XL: |  1  2  3  4  5  6  7  8  9 10 11 12 13 14 15 16 |
---------------+-------------------------------------------------+-----
Stealth        | 1 2 4 5 7 9 10 12 13 15 | 15.8
Dodging        | 4 5 6 7 8 9 11 12 13 14 15 16 | 16.4
Fighting       | 3 4 5 7 8 10 11 12 | 12.5
Short Blades   | 5 6 7 9 10 12 13 14 15 17 | 17.8
Evocations     | 3 5 7 8 10 | 10.0
Armour         | 1 3 5 6 7 |  7.1
Invocations    | 2 5 8 9 |  9.4
Throwing       | |  2.1

Action                   |  1- 3 |  4- 6 |  7- 9 | 10-12 | 13-15 | 16-18 || total
-------------------------+-------+-------+-------+-------+-------+-------++-------
Melee: Dagger            |   136 |   188 |   428 |       |       |       ||   752
       Rapier            |     1 |       |       |       |   605 |   430 ||  1036
       Short sword       |       |       |       |   611 |   782 |       ||  1393
       Kick              |       |       |       |       |   260 |       ||   260
       Quick blade       |       |       |       |       |       |   160 ||   160
Throw: Throwing net      |       |     1 |     2 |     4 |     2 |     1 ||    10
Evoke: Wand              |       |       |       |       |     7 |     3 ||    10
       Box of beasts     |       |       |       |       |     1 |       ||     1
  Use: Potion            |       |     1 |       |     2 |     4 |     2 ||     9
       Scroll            |       |       |     9 |    11 |    11 |     4 ||    35
 Stab: Sleeping          |    25 |    11 |    21 |    43 |    92 |    19 ||   211
       Distracted        |     1 |     1 |     3 |     2 |     8 |       ||    15
       Held in net/web   |       |     2 |     4 |     4 |     3 |     1 ||    14
Armor: Leather armour    |    28 |    32 |    46 |       |    42 |    47 ||   195
       Troll leather arm |       |       |       |    66 |   128 |       ||   194
Dodge: Dodged            |   125 |   145 |   233 |   467 |   941 |   366 ||  2277

Table legend: (Time is in decaauts)
 A = Elapsed time spent in this place.
 B = Non-inter-level travel time spent in this place.
 C = Inter-level travel time spent in this place.
 D = Time resting spent in this place.
 E = Time spent auto-exploring this place.
 F = Levels seen in this place.
 G = Mean time per level.
                   A        B        C        D        E       F      G
               +--------+--------+--------+--------+--------+-----+--------+
         Total |  24982 |  23835 |   1147 |   4193 |  14847 |  23 | 1086.2 |
       Dungeon |  18617 |  17670 |    947 |   3619 |  10587 |  15 | 1241.1 |
        Temple |    341 |    288 |     53 |    144 |     81 |   1 |  341.0 |
          Lair |   5738 |   5591 |    147 |    407 |   4178 |   6 |  956.3 |
        Bailey |    285 |    285 |      0 |     22 |      0 |   1 |  285.0 |
               +--------+--------+--------+--------+--------+-----+--------+

Top non-repeatable levels by time:
     D:4: 2421 daAuts
    D:15: 1709 daAuts
    D:13: 1583 daAuts
  Lair:6: 1551 daAuts
     D:3: 1412 daAuts
     D:6: 1400 daAuts
    D:14: 1314 daAuts
     D:1: 1143 daAuts
  Lair:2: 1140 daAuts
  Lair:1: 1094 daAuts
     D:5: 1092 daAuts
     D:7: 1085 daAuts
     D:8: 1067 daAuts
    D:11: 1008 daAuts
    D:12: 918 daAuts
